 Dungeon Crawl Stone Soup version 0.30-a0-920-g7493c07aab (webtiles) character file.

Game seed: 1772747888240267115

224 cforsyth the Shield-Bearer (level 6, 0/48 HPs)
             Began as a Human Fighter on Mar 21, 2023.
             Slain by a kobold brigand
             ... wielding a +0 short sword of venom
              (7 damage)
             ... on level 4 of the Dungeon.
             The game lasted 00:03:31 (3415 turns).

cforsyth the Shield-Bearer (Human Fighter)          Turns: 3415, Time: 00:03:31

Health: 0/48       AC:  9    Str: 18    XL:     6   Next: 20%
Magic:  6/6        EV:  9    Int:  8    God:
Gold:   129        SH:  5    Dex: 13    Spells: 5/5 levels left

rFire   . . .      SeeInvis +    a - +0 flail
rCold   . . .      Faith    .    c - +0 buckler
rNeg    . . .      Spirit   .    b - +0 scale mail
rPois   .          Reflect  .    u - +1 helmet {SInv}
rElec   .          Rampage  .    (no cloak)
rCorr   .                        (no gloves)
Will    .....                    (no boots) Stlth
                                 (no amulet)
HPRegen 0.28/turn                (no ring)
MPRegen 0.10/turn                (no ring)

@: lethally poisoned (0 -> -13), attractive
A: no striking features
a: no special abilities


You were on level 4 of the Dungeon.
You visited 2 branches of the dungeon, and saw 5 of its levels.

You collected 129 gold pieces.

Inventory:

Hand Weapons
 a - a +0 flail (weapon)
Armour
 b - a +0 scale mail (worn)
 c - a +0 buckler (worn)
 u - a +1 helmet of see invisible (worn)
Wands
 t - a wand of flame (27)
Scrolls
 e - a scroll of poison {unknown}
 g - 2 scrolls of immolation {unknown}
 h - 4 scrolls of identify {unknown}
 i - 2 scrolls of enchant weapon {unknown}
 n - 3 scrolls of magic mapping {unknown}
 p - a scroll of vulnerability {unknown}
 q - a scroll of fear {unknown}
 s - 2 scrolls of teleportation {unknown}
 v - 2 scrolls of noise {unknown}
Potions
 d - 5 potions of might
 f - a potion of lignification {unknown}
 j - 2 potions of attraction
 k - 3 potions of invisibility {unknown}
 l - 5 potions of curing {unknown}
 m - 3 potions of cancellation {unknown}
 o - 2 potions of magic {unknown}
 r - a potion of brilliance {unknown}
 w - a potion of degeneration {unknown}


   Skills:
 + Level 4.1 Fighting
 + Level 3.4 Maces & Flails
 + Level 4.1 Armour
 + Level 4.1 Shields


You had 5 spell levels left.
You didn't know any spells.
Your spell library contained the following spells:

 Spells                   Type           Power      Damage    Failure   Level
 Lesser Beckoning         Tloc           0%         N/A       95%         2
 Gell's Gravitas          Tloc           0%         N/A       99%         3
 Teleport Other           Tloc           0%         N/A       99%         3


Dungeon Overview and Level Annotations

Branches:
Dungeon (4/15)             Temple (1/1) D:4

Altars:
Ashenzari
Elyvilon
Hepliaklqana
Kikubaaqudgha
Nemelex Xobeh
Qazlal
Ru
Trog
Xom
The Shining One

Shops:
D:1 =(*(=   D:2 [   D:3 :

Annotations:
D:4 3 runed translucent doors, cforsyth's ghost, amateur HuFi


Message History

You are more poisoned.
A kobold comes into view. It is wielding a +0 short sword.
The kobold brigand barely misses you.
The kobold shouts!
You hit the kobold brigand.
The kobold brigand is heavily wounded.
You feel very sick.
You hear a shout!
The kobold brigand hits you but does no damage.
You are more poisoned.
You completely miss the kobold brigand.
The kobold brigand is heavily wounded.
You feel extremely sick. You block the kobold brigand's attack.
You are too injured to fight recklessly!
You are too injured to fight recklessly!
You are too injured to fight recklessly!
You are too injured to fight recklessly!
You are too injured to fight recklessly!
You are too injured to fight recklessly!
You are too injured to fight recklessly!
You are too injured to fight recklessly!
You closely miss the kobold brigand.
The kobold brigand is heavily wounded.
You feel very sick.
The kobold brigand hits you but does no damage.
You hit the kobold brigand but do no damage.
The kobold brigand is heavily wounded.
* * * LOW HITPOINT WARNING * * *
You feel very sick.
The kobold brigand hits you but does no damage.
A kobold comes into view. It is wielding a +0 dagger.
The kobold brigand hits you but does no damage.
You are lethally poisoned!
It was a potion of attraction.
You feel attractive to monsters.
* * * LOW HITPOINT WARNING * * *
You feel very sick.
The kobold brigand hits you with a +0 short sword of venom!
You die...

#...... ## ##..
......... .....##P
...#.......#.#..♣.#
......#...##.#.... .
..#..##.........# #♣♣.P
.#..###.#.......###...♣K
...####.#......†#P.♣...#
........#.##...)#K..♣.#
<..###..#.#....)@K...###
)### #...........♣.###.#
.# ##.#........###...#
.######.#.#.....##.....#
..........#.......)....#
.######.#.##.######....#
.# #.#.##.# #....# .#
..#.##.# #....#### .#
..##.#### #.......##


You could see a kobold brigand and 2 kobolds.

Vanquished Creatures
  A phantom (D:4)
  A hound (Temple)
  Ijyb (D:4)
  Robin (D:2)
  An adder (D:4)
  2 worms (D:2)
  2 dart slugs
  An orc (D:4)
  An endoplasm (D:1)
  A giant cockroach (D:1)
  10 goblins
  9 hobgoblins
  4 jackals (D:3)
  10 kobolds
  3 quokkas
  A ball python (D:1)
  9 bats
  3 frilled lizards
  2 rats
63 creatures vanquished.

Vanquished Creatures (others)
  30 plants (D:4)
30 creatures vanquished.

Grand Total: 93 creatures vanquished

Notes
Turn   | Place    | Note
-------+----------+-------------------------------------------
     0 | D:1      | cforsyth the Human Fighter began the quest for the Orb.
     0 | D:1      | Reached XP level 1. HP: 18/18 MP: 1/1
    35 | D:1      | Found Irepneru's Jewellery Boutique.
   174 | D:1      | Found Dyisetuv's Weapon Emporium.
   194 | D:1      | Found a faded altar of an unknown god.
   221 | D:1      | Reached XP level 2. HP: 23/24 MP: 2/2
   269 | D:1      | Found Zoteyje's Assorted Antiques.
   308 | D:1      | Found Pipid's Antique Weapon Shop.
   332 | D:1      | Found Osoffuqe's Jewellery Emporium.
   657 | D:1      | Reached XP level 3. HP: 26/29 MP: 3/3
   874 | D:2      | Found Rusezu's Armour Boutique.
  1501 | D:2      | Found a stormy altar of Qazlal.
  1815 | D:3      | Noticed Robin
  1930 | D:3      | Reached XP level 4. HP: 30/35 MP: 4/4
  1978 | D:2      | Killed Robin
  2264 | D:3      | Found a shimmering altar of Xom.
  2676 | D:3      | Found Nahov's Book Emporium.
  2793 | D:4      | Noticed a phantom
  2808 | D:4      | Killed a phantom
  2809 | D:4      | Reached XP level 5. HP: 22/42 MP: 5/5
  2893 | D:4      | Found a runed translucent gate.
  2893 | D:4      | Found a runed translucent gate.
  2893 | D:4      | Found a runed translucent gate.
  2896 | D:4      | Noticed cforsyth's ghost (amateur HuFi)
  2897 | D:4      | Identified the +7 dagger of Asifi {spect, rElec rF- Int+4
                  | Dex-2 Stlth+}
  2897 | D:4      | Identified the +3 scale mail of the Unseen Realm {+Inv
                  | Int+2}
  3123 | D:4      | Found a staircase to the Ecumenical Temple.
  3136 | D:4      | Noticed Ijyb
  3147 | Temple   | Entered the Ecumenical Temple
  3152 | Temple   | Reached XP level 6. HP: 44/48 MP: 6/6
  3267 | D:4      | Killed Ijyb
  3415 | D:4      | Slain by a kobold brigand

Illustrated notes

Levels and vault maps discovered:
D:1:      scummos_arrival_gate, layout_loops_ring,
          shapermc_ecumenical_altar_acropolis, serial_shops,
          nicolae_shop_waterfront, shop, nicolae_shop_crystal,
          nicolae_shop_behind_doors, nicolae_square_shop
D:2:      layout_basic, basic_altar, serial_shops, nicolae_shop_window_shopping
D:3:      layout_basic, mainiacjoe_overflow_alcove_2, serial_shops,
          nicolae_lakefront_shop, uniq_robin
D:4:      kennysheep_kobold_camp, layout_rooms, grunt_temple_overflow_open,
          minmay_temple_entry_hall, biasface_ghost_orc_armoury, eino_curves_01,
          uniq_blork_the_orc, uniq_ijyb
Temple:   nicolae_temple_ecumenical_triangle

Skill      XL: |  1  2  3  4  5 |
---------------+----------------+-----
Maces & Flails | 3 |  3.4
Fighting       | 4 |  4.1
Armour         | 4 |  4.1
Shields        | 4 |  4.1

Action                     |  1- 3 |  4- 6 || total
---------------------------+-------+-------++-------
  Melee: Flail             |   121 |   137 ||   258
    Use: Potion            |       |     1 ||     1
 Armour: Scale mail        |    90 |    61 ||   151
  Dodge: Dodged            |    73 |    54 ||   127
  Block: Buckler           |    32 |    35 ||    67

Table legend: (Time is in decaauts)
 A = Elapsed time spent in this place.
 B = Non-inter-level travel time spent in this place.
 C = Inter-level travel time spent in this place.
 D = Time resting spent in this place.
 E = Time spent auto-exploring this place.
 F = Levels seen in this place.
 G = Mean time per level.
                   A        B        C        D        E       F      G
               +--------+--------+--------+--------+--------+-----+--------+
         Total |   3496 |   3407 |     89 |    223 |   2533 |   5 |  699.2 |
       Dungeon |   3416 |   3327 |     89 |    223 |   2495 |   4 |  854.0 |
        Temple |     79 |     79 |      0 |      0 |     38 |   1 |   79.0 |
               +--------+--------+--------+--------+--------+-----+--------+

Top non-repeatable levels by time:
     D:2: 1089 daAuts
     D:3: 884 daAuts
     D:1: 847 daAuts
     D:4: 594 daAuts
  Temple: 79 daAuts
